 Dungeon Crawl Stone Soup version 0.30-a0-390-g80c34de65d (webtiles) character file.

Game seed: 8966466676908113235

2 arthad the Insei (level 1, -2/13 HPs)
             Began as an Octopode Transmuter on Dec 4, 2022.
             Frozen to death by an endoplasm (4 damage)
             ... on level 1 of the Dungeon.
             The game lasted 00:00:16 (67 turns).

arthad the Insei (Octopode Transmuter)                Turns: 67, Time: 00:00:17

Health: -2/13      AC:  1    Str:  9    XL:     1   Next: 30%
Magic:  2/3        EV: 13    Int: 15    God:
Gold:   0          SH:  0    Dex: 12    Spells: 3/4 levels left

rFire   . . .      SeeInvis .      - Unarmed
rCold   . . .      Faith    .    (no shield)
rNeg    . . .      Spirit   .    (helmet currently unavailable)
rPois   .          Reflect  .    (no amulet)
rElec   .          Harm     .    (no ring)
rCorr   .          Rampage  .    (no ring)
Will    .....                    (no ring)
Stlth   ++........               (no ring)
HPRegen 0.22/turn                (no ring)
MPRegen 0.08/turn                (no ring)
                                 (no ring)
                                 (no ring)

@: appendages (expiring)
A: tentacle spike 3, almost no armour, amphibious, 8 rings, camouflage 1,
gelatinous body 1, (nimble swimmer 1), tentacles
a: End Transformation


You were on level 1 of the Dungeon.
One of your tentacles had grown a beastly spike.
You visited 1 branch of the dungeon, and saw 1 of its levels.

Inventory:

Potions
 a - a potion of lignification
 b - a potion of brilliance {unknown}


   Skills:
 + Level 1.0 Fighting
 + Level 2.0 Dodging
 + Level 3.0 Unarmed Combat
 + Level 2.0 Spellcasting
 + Level 2.0 Transmutations


You had 3 spell levels left.
You knew the following spells:

 Your Spells              Type           Power      Damage    Failure   Level
a - Beastly Appendage     Tmut           14%        N/A       10%         1

Your spell library contained the following spells:

 Spells                   Type           Power      Damage    Failure   Level
 Wereblood                Tmut           7%         N/A       14%         2
 Spider Form              Tmut/Pois      4%         N/A       41%         3
 Ice Form                 Ice/Tmut       4%         N/A       82%         4


Dungeon Overview and Level Annotations

Branches:
Dungeon (1/15)

Altars:


Innate Abilities, Weirdness & Mutations

One of your tentacles has grown a beastly spike.
You cannot wear most types of armour.
You are amphibious.
You can wear up to eight rings at the same time.
Your skin changes colour to match your surroundings (Stealth+).
Your rubbery body absorbs attacks. (AC +1, EV +1)
((You are camouflaged when in or above water. (Stealth+)))
You have tentacles for arms and can constrict up to eight enemies at once.


Message History

No target in view!
An endoplasm comes into view.
An endoplasm is nearby!
A jackal comes into view.
A dart slug comes into view.
You see here a +0 mace.
You see here 11 gold pieces.
Casting: Beastly Appendage (safe; 10% risk of failure)
Press: ? - help, Q - select action Dir - look around, f - activate One of your tentacles grows a vicious spike.
Your transformation is almost over.
The jackal barks!
You hear a bark!
A jackal comes into view.
The jackal barks!
You tentacle-slap the jackal but do no damage.
You grab the jackal. You squeeze the jackal.
The jackal is almost dead.
You constrict the jackal, but do no damage.
The endoplasm freezes you.
You are frozen.
The jackal barely misses you. The dart slug closely misses you.
You tentacle-slap the jackal but do no damage.
The jackal is almost dead.
You constrict the jackal, but do no damage.
A jackal comes into view.
The jackal barely misses you. The endoplasm freezes you.
You are frozen.
The dart slug bites you.
You are too injured to fight recklessly!
Unknown command.
You release your grip on the jackal.
The endoplasm attacks as you move away! The endoplasm hits you.
* * * LOW HITPOINT WARNING * * *
You tentacle-slap the endoplasm but do no damage.
The endoplasm hits you.
* * * LOW HITPOINT WARNING * * *
You tentacle-slap the endoplasm but do no damage.
You pierce the endoplasm, but do no damage.
The endoplasm freezes you.
You are frozen.
You die...

#..#### #..#.. . #..#.#
.# #####..#.## #..#
..........# #..#
#.h.#..###..#
#.wh.$).....# ###
#.#J#....##.# .. #
#@#..#.##.# .# #
#.#...#.#.###.##.#
#....###..........
###...#.#..#..####
#........#..####
#..#.#)..#......
#...#....#.##### ##
##..###..##.#####
#.♣####......†.##......


You could see a dart slug, an endoplasm and 2 jackals.

Vanquished Creatures
  A hobgoblin (D:1)
  A goblin (D:1)
2 creatures vanquished.

Notes
Turn   | Place    | Note
-------+----------+-------------------------------------------
     0 | D:1      | arthad the Octopode Transmuter began the quest for the Orb.
     0 | D:1      | Reached XP level 1. HP: 13/13 MP: 3/3
    67 | D:1      | Frozen to death by an endoplasm

Illustrated notes

Levels and vault maps discovered:
D:1:      pf_arrival_petrified_forest, layout_loops_ring

Action                   || total
-------------------------++-------
Melee: Unarmed           ||     6
       Constrict         ||     2
       Kick              ||     2
       Tentacles         ||     1
 Cast: Beastly Appendage ||     2
Dodge: Dodged            ||     5

Table legend: (Time is in decaauts)
 A = Elapsed time spent in this place.
 B = Non-inter-level travel time spent in this place.
 C = Inter-level travel time spent in this place.
 D = Time resting spent in this place.
 E = Time spent auto-exploring this place.
 F = Levels seen in this place.
 G = Mean time per level.
                   A        B        C        D        E       F      G
               +--------+--------+--------+--------+--------+-----+--------+
         Total |     66 |     66 |      0 |      0 |     43 |   1 |   66.0 |
       Dungeon |     66 |     66 |      0 |      0 |     43 |   1 |   66.0 |
               +--------+--------+--------+--------+--------+-----+--------+

Top non-repeatable levels by time:
     D:1: 66 daAuts
